Map: Turbo Cruise '84 LE

Players

TiPtOP

  • Race: Terran Terran
  • League: Silver
  • Spawn Location: 7:00

Khaos - Winner!

  • Race: Zerg Zerg
  • League: Gold
  • Spawn Location: 3:00

VOD

Have the link to the VOD?

Description

Time

  • Played on: Aug. 20, 2019, 6:58 a.m.
  • Length: 31:30
Show
View Real Time Build Order
Export as new Build Order

TiPtOP Terran 

Build Orders: Mech 

Get SALT Encoding   

  12  0:01  SCV  
  13  0:13  SCV  
  14  0:18  Supply Depot  
  14  0:25  SCV  
  15  0:40  SCV  
  16  0:42  Barracks  
  16  0:50  Refinery  
  16  0:52  SCV  
  17  1:04  SCV  
  18  1:16  SCV  
  19  1:30  Orbital Command  
  19  1:32  Marine  
  20  1:44  Command Center  
  20  1:58  SCV  
  20  2:00  Supply Depot  
  21  2:15  SCV  
  22  2:25  Factory  
  22  2:34  Bunker  
  21  2:50  SCV, Barracks Tech Lab  
  22  3:00  Engineering Bay  
  22  3:02  SCV  
  23  3:07  Supply Depot  
  23  3:17  Marine  
  23  3:19  Siege Tank  
  27  3:31  Missile Turret  
  27  3:37  SCV  
  27  3:39  Refinery  
  28  3:42  Orbital Command  
  28  3:50  SCV, Supply Depot  
  28  3:53  Siege Tank  
  32  4:04  SCV  
  32  4:08  SCV  
  34  4:20  SCV x2  
  36  4:26  Siege Tank  
  39  4:32  SCV x2  
  41  4:46  Supply Depot  
  41  4:53  Refinery  
  41  4:59  Siege Tank  
  44  5:07  Missile Turret  
  44  5:08  Supply Depot  
  44  5:10  SCV  
  44  5:11  SCV  
  46  5:22  SCV  
  46  5:23  SCV  
  48  5:29  Factory x2  
  48  5:32  Command Center  
  48  5:35  Missile Turret  
  48  5:39  Armory  
  48  5:47  Supply Depot  
  48  5:51  Supply Depot  
  48  6:01  Refinery  
  48  6:02  SCV  
  48  6:03  SCV  
  50  6:14  SCV  
  50  6:15  Factory Tech Lab, SCV, Factory Reactor  
  52  6:27  Thor  
  58  6:33  SCV  
  58  6:34  SCV  
  60  6:45  SCV  
  60  6:46  SCV  
  62  6:57  SCV  
  62  6:58  SCV  
  64  7:05  Orbital Command  
  64  7:08  Thor, Terran Vehicle Weapons Level 1  
  64  7:10  Hellion x2, Hellbat  
  64  7:13  Hellion  
  76  7:17  Supply Depot  
  76  7:19  Supply Depot  
  76  7:20  Armory  
  76  7:24  Infernal Pre-Igniter, Hellion  
  76  7:31  Hellbat  
  78  7:51  Thor  
  78  7:53  Thor  
  78  7:54  Orbital Command, Hellbat x2  
  94  8:15  Hellbat  
  94  8:19  SCV  
  96  8:20  SCV x2  
  95  8:31  SCV  
  95  8:32  SCV  
  97  8:42  Sensor Tower  
  97  8:44  SCV  
  97  8:46  Missile Turret  
  97  8:47  Thor x2  
  97  8:48  Hellbat x2  
  114  8:51  Refinery  
  114  8:53  Refinery  
  114  8:56  SCV  
  115  9:04  Smart Servos  
  115  9:09  Hellbat  
  116  9:22  Hellbat  
  118  9:30  Thor  
  124  9:50  Command Center  
  124  9:58  Supply Depot x2  
  124  10:00  Terran Vehicle Weapons Level 2  
  124  10:01  Terran Vehicle And Ship Armor Level 1  
  124  10:03  Neosteel Armor  
  124  10:07  Supply Depot  
  124  10:15  Factory  
  124  10:20  Factory, Hellbat x4  
  132  10:26  Supply Depot  
  132  10:27  Supply Depot  
  132  10:28  Supply Depot  
  132  10:29  Supply Depot  
  132  10:40  Thor  
  132  10:41  Hellbat x3  
  144  10:50  Sensor Tower  
  144  11:02  Hellbat x2  
  148  11:05  SCV x3  
  148  11:07  Missile Turret  
  151  11:17  SCV  
  152  11:23  Thor  
  158  11:48  Refinery  
  158  11:49  Refinery, Sensor Tower  
  158  11:50  Missile Turret  
  158  12:12  Planetary Fortress  
  158  12:19  SCV x3  
  161  12:32  Siege Tank x2  
  161  12:34  Hellbat  
  169  13:04  Siege Tank, Thor  
  105  13:36  Thor  
  105  13:38  Hellbat x2  
  115  13:46  SCV, Thor  
  122  13:58  Factory Tech Lab  
  122  13:59  Factory Tech Lab, SCV, Hellbat  
  125  14:06  Supply Depot  
  125  14:11  SCV  
  125  14:14  Supply Depot x2  
  126  14:17  Hellion, Thor, Hellbat  
  126  14:18  Thor  
  126  14:20  Hellion  
  144  14:29  Thor  
  150  14:31  Hellion x2  
  150  14:38  Thor  
  150  14:39  Hellbat  
  150  14:40  Terran Vehicle And Ship Armor Level 2  
  150  14:41  Terran Vehicle Weapons Level 3  
  150  14:42  Hellbat  
  160  14:59  Hellion x2  
  160  15:00  Hellbat, Thor  
  160  15:01  Thor  
  174  15:12  Siege Tank  
  177  15:21  Siege Tank  
  178  15:43  Thor  
  178  15:44  Thor  
  150  16:33  Hellbat  
  150  16:34  Hellbat x2  
  137  16:50  Hellion x7  
  137  16:53  Hellbat x3  
  126  16:55  Thor, Hellbat x2  
  130  17:09  Hellion x5  
  130  17:14  Thor x3  
  148  17:19  Hellion, Hellbat  
  152  17:38  Hellbat  
  152  17:40  Hellion  
  152  17:41  Hellbat  
  158  17:50  Hellion x4  
  150  17:57  Thor x2, Hellbat  
  150  17:59  Thor  
  94  18:32  Hellbat x3  
  82  18:40  Thor x2  
  94  18:42  Thor  
  100  18:53  Hellbat x2  
  100  18:54  Hellbat  
  88  19:14  Thor  
  94  19:18  Hellbat x2  
  94  19:22  Thor  
  94  19:23  Hellbat  
  104  19:25  Siege Tank  
  85  19:36  Orbital Command  
  79  19:40  Hellbat x2  
  79  19:44  Siege Tank  
  86  19:57  Siege Tank, Thor  
  95  20:01  Hellbat x2  
  95  20:05  Thor  
  105  20:16  Thor  
  111  20:23  Hellbat x2  
  115  20:29  Hellbat  
  117  20:38  Orbital Command  
  117  20:41  Hellbat  
  102  20:44  Hellbat x2  
  102  20:49  Hellbat  
  102  20:50  Thor  
  102  20:51  Terran Vehicle And Ship Armor Level 3  
  108  20:59  Hellbat  
  108  21:02  Hellion  
  112  21:05  Hellion  
  114  21:15  SCV  
  114  21:17  SCV  
  116  21:27  SCV  
  116  21:29  SCV  
  118  21:36  Hellion x3, Hellbat x3, Thor x2  
  118  21:39  SCV  
  139  21:41  SCV  
  139  21:43  Refinery  
  140  21:52  SCV  
  140  21:54  SCV  
  142  21:57  Hellbat x2  
  146  22:04  SCV  
  146  22:05  Sensor Tower  
  146  22:06  SCV  
  146  22:08  SCV, Sensor Tower  
  149  22:13  Hellion x2  
  153  22:16  SCV  
  153  22:18  SCV  
  153  22:19  Hellbat x3, Thor  
  153  22:20  SCV  
  168  22:44  Hellion x3  
  123  23:21  Hellion, Hellbat x3, Thor x2  
  143  23:42  Thor x2  
  159  23:55  Hellbat x2  
  159  24:04  Thor, Hellbat  
  113  24:25  Siege Tank, Thor x2  
  113  24:28  Hellion x2  
  113  24:29  Command Center  
  103  25:06  Siege Tank x2  
  93  25:08  Siege Tank  
  78  25:17  Hellbat x3  
  84  25:37  Refinery x2  
  84  25:38  Thor, Hellbat x4  
  84  25:39  Sensor Tower  
  75  26:29  Hellbat x5, Thor  
  91  27:25  Planetary Fortress  
  91  27:37  Siege Tank x2  
  91  27:39  Hellbat x2  
  81  28:36  Hellbat x4  
  81  28:37  Hellbat  
  91  28:56  Hellbat  
  91  28:57  Hellbat  
  91  28:58  Hellbat  
  91  29:00  Thor x2  
  109  29:12  Sensor Tower  
  109  29:16  Supply Depot  
  109  29:38  Supply Depot  
  109  29:48  Supply Depot x2  
  109  29:49  Supply Depot x3  
  95  30:00  Supply Depot  
  93  30:23  Supply Depot  
  93  30:27  Thor  
  93  30:28  Hellbat x3, Thor x2  
  117  30:46  Supply Depot  
Show
View Real Time Build Order
Export as new Build Order

Khaos Zerg - Winner!

Build Orders: Hatch First, Swarm Host 

Get SALT Encoding   

  12  0:01  Drone  
  13  0:08  Drone  
  14  0:17  Overlord  
  14  0:35  Drone x3  
  17  0:55  Hatchery  
  16  1:01  Drone x2  
  18  1:09  Extractor  
  17  1:13  Drone  
  18  1:19  Spawning Pool  
  18  1:21  Drone  
  18  1:29  Drone  
  19  1:44  Drone  
  20  1:52  Overlord  
  20  2:05  Queen  
  22  2:08  Zergling x2  
  22  2:11  Zergling x2  
  24  2:22  Drone x2  
  26  2:33  Drone x3  
  26  2:36  Queen  
  31  2:41  Queen  
  33  2:49  Zergling x2  
  34  2:53  Baneling Nest  
  33  2:59  Drone x3  
  33  3:02  Overlord  
  36  3:13  Spine Crawler  
  36  3:16  Drone  
  36  3:19  Queen  
  36  3:22  Drone x4  
  42  3:28  Metabolic Boost  
  42  3:30  Lair  
  42  3:40  Extractor  
  41  3:41  Baneling  
  41  3:42  Zergling x4  
  41  3:43  Drone  
  41  3:45  Overlord  
  44  4:04  Drone  
  44  4:05  Drone x2  
  44  4:07  Drone x3  
  50  4:10  Hatchery  
  49  4:17  Baneling  
  49  4:20  Zergling x4  
  49  4:23  Drone  
  52  4:26  Extractor  
  52  4:27  Centrifical Hooks  
  52  4:28  Extractor  
  52  4:31  Zergling x4  
  51  4:36  Overseer  
  52  4:51  Overlord x2  
  52  4:52  Overlord  
  52  4:58  Hydralisk Den  
  51  5:15  Zergling x6  
  51  5:17  Drone x6  
  60  5:22  Drone x3  
  60  5:23  Drone  
  64  5:32  Drone x3  
  64  5:33  Evolution Chamber, Drone  
  64  5:34  Evolution Chamber, Drone x2  
  68  6:01  Spine Crawler, Zerg Missile Weapons Level 1  
  68  6:02  Zerg Ground Armor Level 1  
  67  6:04  Grooved Spines  
  67  6:07  Drone x2  
  67  6:08  Drone  
  67  6:11  Zergling x14  
  72  6:15  Baneling x6  
  77  6:24  Extractor  
  77  6:25  Drone x4, Extractor  
  77  6:26  Drone x3  
  77  6:28  Overlord x2  
  82  6:33  Overlord x2  
  82  6:35  Overseer  
  82  6:43  Burrow  
  82  6:48  Spine Crawler  
  82  6:51  Hydralisk x2, Baneling x5  
  85  7:05  Drone x5  
  85  7:06  Drone x5  
  85  7:07  Drone  
  96  7:09  Drone  
  96  7:10  Overlord  
  97  7:16  Muscular Augments  
  97  7:19  Hydralisk  
  99  7:30  Hatchery  
  98  7:40  Hydralisk, Drone x4  
  98  7:41  Hydralisk x5  
  114  7:45  Spine Crawler  
  114  7:49  Spine Crawler  
  112  8:03  Drone  
  113  8:08  Hydralisk x5, Spine Crawler  
  122  8:27  Overlord x6  
  121  8:30  Zerg Missile Weapons Level 2  
  121  8:31  Zerg Ground Armor Level 2  
  121  8:53  Infestation Pit  
  120  9:00  Overlord  
  120  9:02  Drone x10  
  130  9:03  Zergling x12  
  136  9:10  Extractor  
  136  9:14  Extractor  
  127  9:25  Hydralisk  
  127  9:26  Hydralisk x15  
  157  9:33  Roach Warren  
  155  9:39  Spine Crawler  
  155  9:41  Spine Crawler  
  155  9:42  Drone x3  
  155  9:43  Spine Crawler x2, Drone x2  
  157  9:45  Drone x2  
  157  9:46  Drone  
  157  9:48  Drone  
  160  10:09  Spire  
  159  10:23  Drone x4  
  159  10:24  Overlord x2, Drone  
  159  10:26  Overlord x3  
  164  10:35  Roach x5  
  174  10:40  Hive, Hatchery  
  173  10:43  Extractor  
  173  10:48  Spine Crawler  
  171  10:54  Drone x3  
  174  11:17  Glial Reconstitution  
  174  11:32  Swarm Host x4  
  174  11:33  Swarm Host x4  
  198  12:00  Zerg Ground Armor Level 3, Zerg Missile Weapons Level 3  
  198  12:06  Zerg Flyer Weapons Level 1  
  198  12:09  Extractor  
  198  12:13  Spire  
  196  12:51  Baneling x4  
  196  12:52  Baneling x4  
  196  12:56  Baneling x13  
  141  13:19  Zergling x14  
  122  13:20  Zergling x18  
  127  13:30  Roach  
  127  13:31  Roach x12  
  134  13:48  Hydralisk  
  134  13:49  Hydralisk x8  
  134  13:50  Roach  
  134  13:51  Roach x8  
  170  14:00  Zerg Flyer Armor Level 1  
  170  14:26  Swarm Host x10, Hatchery  
  170  14:31  Ravager x2, Hatchery  
  200  14:33  Baneling  
  200  14:34  Baneling x28  
  200  14:35  Baneling x3  
  200  14:37  Zerg Melee Weapons Level 1  
  178  16:39  Roach  
  185  16:40  Roach x12  
  150  17:06  Roach x9  
  150  17:07  Roach x5  
  167  17:09  Ravager x7  
  171  17:16  Roach x2  
  169  17:23  Roach  
  169  17:24  Roach x7  
  169  17:28  Ravager  
  169  17:29  Ravager x9  
  191  17:59  Roach  
  191  18:00  Roach x7  
  171  18:16  Roach  
  171  18:17  Roach x13  
  187  18:43  Roach x2  
  187  18:44  Roach x4  
  187  18:47  Ravager x3  
  136  19:39  Roach x16  
  168  19:59  Ravager  
  172  20:00  Ravager x11  
  172  20:06  Extractor x2  
  178  20:08  Hatchery  
  178  20:10  Extractor x2  
  175  20:18  Ravager x4  
  175  20:19  Ravager x12  
  191  20:25  Hatchery  
  191  20:26  Zerg Flyer Weapons Level 2  
  191  20:27  Extractor  
  189  20:29  Greater Spire  
  189  20:30  Extractor  
  189  20:31  Zerg Melee Weapons Level 2  
  77  20:57  Roach x2  
  77  20:58  Roach x28  
  137  21:07  Ultralisk Cavern  
  136  21:22  Swarm Host x5  
  136  21:23  Swarm Host x6  
  169  21:27  Roach x15  
  199  21:47  Ravager  
  200  22:42  Zerg Flyer Armor Level 2  
  154  22:51  Ultralisk x8  
  154  22:52  Ultralisk  
  179  22:58  Chitinous Plating  
  177  23:27  Ultralisk  
  177  23:28  Ultralisk  
  183  24:11  Ultralisk  
  183  24:12  Ultralisk x2  
  172  24:17  Anabolic Synthesis  
  160  24:30  Ultralisk  
  166  24:41  Zerg Melee Weapons Level 3  
  166  24:57  Extractor  
  166  24:59  Hatchery  
  143  25:00  Ultralisk  
  143  25:03  Extractor  
  114  25:43  Ultralisk x2  
  126  26:10  Ultralisk  
  126  26:11  Ultralisk  
  89  26:55  Extractor, Hatchery  
  89  26:57  Extractor  
  85  27:17  Ultralisk  
  85  27:18  Ultralisk x3  
  109  27:34  Zerg Flyer Weapons Level 3  
  115  28:12  Ultralisk  
  115  28:13  Ultralisk x2  
  127  28:36  Queen x5  
  127  28:37  Queen x2  
  141  28:42  Ultralisk x3  
  159  29:02  Ultralisk x2  
  171  29:11  Queen  
  171  29:12  Queen x3  
  179  29:22  Queen x2  
  177  30:42  Ultralisk x3  
Tags
 
Add a new tag
Caveats
  • Supply blocks, unpowered buildings, or Contaminate may cause inaccurate times.
  • Supply counts are checked every 10 seconds.